 Dungeon Crawl Stone Soup version 0.28-a0-1190-g77e1c55843 (webtiles) character file.

Game seed: 8071627756301406913

44 flyleaff the Skirmisher (level 3, -1/24 HPs)
             Began as a Gargoyle Monk on Dec 18, 2021.
             Was the Champion of Ignis.
             Slain by an orc (4 damage)
             ... on level 3 of the Dungeon.
             The game lasted 00:04:33 (1968 turns).

flyleaff the Skirmisher (Gargoyle Monk)             Turns: 1968, Time: 00:04:34

Health: -1/24      AC:  4    Str: 14    XL:     3   Next: 60%
Magic:  5/6        EV: 12    Int: 12    God:    Ignis [******]
Gold:   69         SH:  0    Dex: 12    Spells: 5/5 levels left

rFire   + . .      SeeInvis .   f - +2 whip (drain)
rCold   . . .      Faith    .   (no shield)
rNeg    + . .      Spirit   .   b - +0 robe
rPois   ∞          Reflect  .   (helmet restricted)
rElec   +          Harm     .   (no cloak)
rCorr   .          Rampage  .   (no gloves)
Will    .....                   (no boots)
Stlth   ++........              (no amulet)
HPRegen 0.08/turn               (no ring)
MPRegen 0.10/turn               (no ring)

@: rising, flying
A: sickness immunity, AC +3, negative energy resistance 1, electricity
resistance, torment resistance 1, petrification resistance, beak, deformed body,
high mp 1, sense surroundings 1
a: Renounce Religion, Fiery Armour, Foxfire Swarm


You were on level 3 of the Dungeon.
You worshipped Ignis.
Ignis was exalted by your worship.
You visited 1 branch of the dungeon, and saw 3 of its levels.

You collected 69 gold pieces.

Inventory:

Hand Weapons
 a - a +0 mace
 f - a +2 whip of draining (weapon)
Missiles
 d - 85 stones (quivered)
 l - 24 sling bullets
Armour
 b - a +0 robe (worn)
Scrolls
 g - a scroll of magic mapping {unknown}
 i - 2 scrolls of immolation {unknown}
 j - a scroll of summoning {unknown}
 k - 2 scrolls of identify {unknown}
 m - a scroll of noise {unknown}
 n - 3 scrolls of blinking {unknown}
 o - a scroll of amnesia {unknown}
Potions
 e - a potion of degeneration {unknown}
 h - a potion of curing {unknown}


   Skills:
 + Level 3.7 Fighting
 - Level 3.0 Maces & Flails
 + Level 2.7 Dodging
 - Level 2.2 Stealth
 * Level 1.8 Spellcasting


You had 5 spell levels left.
You didn't know any spells.
Your spell library was empty.

Dungeon Overview and Level Annotations

Branches:
Dungeon (3/15)

Altars:
Elyvilon
Ignis


Innate Abilities, Weirdness & Mutations

You are immune to sickness and miasma.
Your stone body is resilient. (AC +3)
You are immune to poison.
You resist negative energy. (rN+)
You are resistant to electric shocks. (rElec)
You are resistant to unholy torment.
You are immune to petrification.
You have a beak for a mouth.
Armour fits poorly on your strangely shaped body.
You have an increased reservoir of magic. (+10% MP)
You passively map a small area around you.


Message History

The orc shouts!
The orc shouts! x2
The orc throws a stone.
The stone barely misses you.
You hear an angry hiss.
You barely miss the orc. The orc hits you but does no damage.
You hit the orc.
The orc is severely wounded.
The orc hits you with a +0 club.
You closely miss the orc.
The orc is severely wounded.
The orc hits you with a +0 club.
You closely miss the orc.
The orc is severely wounded.
The orc hits you from afar with a +0 trident.
The orc hits you with a +0 club.
You closely miss the orc.
The orc is severely wounded.
The orc hits you but does no damage.
The orc wizard gestures wildly while chanting.
The orc wizard flickers and vanishes!
Deactivating autopickup; reactivate with Ctrl-A.
You closely miss the orc.
The orc is severely wounded.
The orc hits you with a +0 club. The orc barely misses you.
You completely miss the orc.
The orc is severely wounded.
The orc barely misses you.
The orc hits you from afar with a +0 trident.
* * * LOW HITPOINT WARNING * * *
It was a potion of mutation.
You feel extremely strange.
Your body twists and deforms.
Your mouth lengthens and hardens into a beak!
You feel a strange attunement to the structure of the dungeons.
You feel more energetic. The orc hits you with a +0 club.
* * * LOW HITPOINT WARNING * * *
The orc closely misses you.
You begin to rise into the air.
The orc hits you but does no damage.
The orc hits you from afar with a +0 trident.
You die...

##### ######## #...#
#......# #######...#####
#.#....#####..@oo{o.......,
#.#....#[....######......#
###.#....#.#########
......#
#...###..#..........
..o...#
#.#.##......########
#..o... #.#.##..###.# * ,
,####.. #.#.........# , , .
#.#.##..###.# , , , **
#.#.##....#.# , *


You could see 3 orcs.

Vanquished Creatures
  An adder (D:3)
  A worm (D:2)
  3 endoplasms
  A giant cockroach (D:2)
  4 goblins
  4 jackals (D:1)
  A quokka (D:1)
  3 ball pythons
  4 bats
  A frilled lizard (D:1)
  4 kobolds
  3 rats
30 creatures vanquished.

Vanquished Creatures (others)
  7 plants (D:2)
7 creatures vanquished.

Grand Total: 37 creatures vanquished

Notes
Turn   | Place    | Note
-------+----------+-------------------------------------------
     0 | D:1      | flyleaff the Gargoyle Monk began the quest for the Orb.
     0 | D:1      | Reached XP level 1. HP: 14/14 MP: 1/1
   370 | D:1      | Reached XP level 2. HP: 17/19 MP: 1/3
   503 | D:1      | Reached skill level 1 in Spellcasting
  1194 | D:2      | Found a faded altar of an unknown god.
  1201 | D:2      | Prayed at the altar of an unknown god.
  1201 | D:2      | Became a worshipper of Ignis, the Dying Flame
  1201 | D:2      | Reached ****** piety under Ignis
  1353 | D:2      | Reached XP level 3. HP: 23/23 MP: 5/5
  1772 | D:3      | Found a white marble altar of Elyvilon.
  1967 | D:3      | Gained mutation: Armour fits poorly on your strangely
                  | shaped body. [potion of mutation]
  1967 | D:3      | Gained mutation: You have a beak for a mouth. [potion of
                  | mutation]
  1967 | D:3      | Gained mutation: You passively map a small area around you.
                  | [potion of mutation]
  1967 | D:3      | Gained mutation: You have an increased reservoir of magic.
                  | (+10% MP) [potion of mutation]
  1968 | D:3      | Slain by an orc

Illustrated notes

Levels and vault maps discovered:
D:1:      dpeg_arrival_connections, layout_rooms
D:2:      layout_basic, serial_bayou, serial_bayou_shore_a, serial_bayou_lake_a,
          serial_bayou_lagoon_a, serial_bayou_lagoon_b,
          dilly_ecumenical_altar_fadedgnrine, minmay_pentomino_z2
D:3:      layout_basic, lemuel_tele_altar, grunt_temple_overflow_open,
          uniq_grinder

Skill      XL: |  1  2 |
---------------+-------+-----
Spellcasting   | 1 |  1.8
Fighting       | |  3.7
Maces & Flails | |  3.0
Dodging        | |  2.7
Stealth        | |  2.2

Action                   || total
-------------------------++-------
Melee: Mace              ||    31
       Whip              ||    64
Invok: Rising Flame      ||     1
  Use: Potion            ||     1
 Stab: Sleeping          ||     1
Armor: Robe              ||    35
Dodge: Dodged            ||    58

Table legend: (Time is in decaauts)
 A = Elapsed time spent in this place.
 B = Non-inter-level travel time spent in this place.
 C = Inter-level travel time spent in this place.
 D = Time resting spent in this place.
 E = Time spent auto-exploring this place.
 F = Levels seen in this place.
 G = Mean time per level.
                   A        B        C        D        E       F      G
               +--------+--------+--------+--------+--------+-----+--------+
         Total |   2032 |   1973 |     59 |      0 |   1675 |   3 |  677.3 |
       Dungeon |   2032 |   1973 |     59 |      0 |   1675 |   3 |  677.3 |
               +--------+--------+--------+--------+--------+-----+--------+

Top non-repeatable levels by time:
     D:1: 976 daAuts
     D:2: 889 daAuts
     D:3: 166 daAuts
